 Dungeon Crawl Stone Soup version 0.31.0-12-g77e489cdc1 (webtiles) character file.

Game seed: 16672894645577923295

57 monsoonserge the Covered (level 3, -4/31 HPs)
             Began as an Armataur Fighter on Feb 24, 2024.
             Killed by nerve-wracking pain
             ... invoked by Grinder
              (11 damage)
             ... on level 3 of the Dungeon.
             The game lasted 00:03:24 (2069 turns).

monsoonserge the Covered (Armataur Fighter)         Turns: 2069, Time: 00:03:26

Health: -4/31      AC:  7    Str: 23    XL:     3   Next: 73%
Magic:  3/3        EV:  7    Int:  8    God:
Gold:   94         SH:  4    Dex:  9    Spells: 2/2 levels left

rFire   . . .        a - +0 flail
rCold   . . .        c - +0 buckler
rNeg    . . .        b - +0 scale mail
rPois   .            (no helmet)
rElec   .            (no cloak)
rCorr   .            (no gloves)
SInv    .            (no barding)
Will    .....        (no amulet) Stlth
                     (no ring)
HPRegen 0.25/turn    (no ring)
MPRegen 0.08/turn

%: roll
@: no status effects
A: large, deformed body, tough skin 3, armoured tail, roll 1
a: no special abilities


You were on level 3 of the Dungeon.
You visited 1 branch of the dungeon, and saw 3 of its levels.

You collected 94 gold pieces.

Inventory:

Hand Weapons
 a - a +0 flail (weapon)
 o - a +0 heavy spear
Missiles
 n - 5 poisoned darts (quivered)
 q - 2 throwing nets
Armour
 b - a +0 scale mail (worn)
 c - a +0 buckler (worn)
 e - a +0 robe
 f - a +0 ring mail
 g - a +0 leather armour
Scrolls
 h - a scroll of enchant weapon {unknown}
 i - a scroll of identify {unknown}
Potions
 d - a potion of might
 j - a potion of degeneration {unknown}
 k - a potion of curing {unknown}
 l - a potion of haste {unknown}
 m - a potion of mutation {unknown}
 p - 2 potions of resistance {unknown}


   Skills:
 + Level 3.2 Fighting
 + Level 2.3 Maces & Flails
 + Level 4.2 Armour
 + Level 3.8 Shields


You had 2 spell levels left.
You didn't know any spells.
Your spell library was empty.

Dungeon Overview and Level Annotations

Branches:
Dungeon (3/15)

Altars:

Annotations:
D:3 Grinder


Innate Abilities, Weirdness & Mutations

Armour fits poorly on your strangely shaped body.
You have extremely tough skin. (AC +3)
You have a long armoured tail.
You regenerate magic when rolling toward enemies. (Rampage MPRegen)


Message History

You barely miss the frilled lizard. You block the frilled lizard's attack.
The frilled lizard barely misses you.
You hit the frilled lizard.
You kill the frilled lizard!
You see here a frilled lizard corpse.
You see here a +0 leather armour.
You see here a frilled lizard corpse.
There is an open door here.
Done exploring.
Done exploring.
There is an open door here.
You see here a bat corpse.
You see here a +0 ring mail.
There is a stone staircase leading down here.
You climb downwards.
Grinder shouts!
Found 5 stones.
There is a stone staircase leading up here.
You barely miss Grinder.
A bat comes into view.
Grinder barely misses you.
You hit Grinder. You tail-slap Grinder.
Grinder is lightly wounded.
You block Grinder's attack.
You closely miss Grinder. You tail-slap Grinder.
Grinder is moderately wounded.
The bat hits you but does no damage. Grinder hits you!
You writhe in agony.
The ribbon worm expels a string of sticky webbing.
The stream of webbing hits you but does no damage.
You are caught in a web!
Grinder gestures at you.
You barely resist. You barely miss Grinder.
Grinder is moderately wounded.
The bat barely misses you. Grinder hits you!
You writhe in agony.
* * * LOW HITPOINT WARNING * * *
Grinder gestures at you. Pain shoots through your body!
You die...
Grinder sighs, "Dead already?
I want a refund."

.# # .#.#
###.#. #....
....#####
#........
####b5....#
#...@.#
#.##........
#.w..###.
#......
#.....##
#.#...#
#.#..(.
#.#.....


You could see Grinder, a ribbon worm and a bat.

Vanquished Creatures
  3 adders (D:2)
  2 dart slugs
  An endoplasm (D:2)
  A goblin (D:1)
  A hobgoblin (D:1)
  5 kobolds
  3 quokkas
  4 ball pythons
  4 bats
  3 frilled lizards
  2 rats
29 creatures vanquished.

Notes
Turn   | Place    | Note
-------+----------+-------------------------------------------
     0 | D:1      | monsoonserge the Armataur Fighter began the quest for the
                  | Orb.
     0 | D:1      | Reached XP level 1. HP: 18/18 MP: 1/1
    72 | D:1      | You fall into a shaft and drop 1 floor!
   342 | D:1      | Reached XP level 2. HP: 25/25 MP: 2/2
  1244 | D:2      | Reached skill level 4 in Armour
  1331 | D:2      | Reached XP level 3. HP: 14/31 MP: 3/3
  2064 | D:3      | Noticed Grinder
  2069 | D:3      | Killed from afar by Grinder

Illustrated notes

Levels and vault maps discovered:
D:1:      scummos_arrival_gate, layout_basic
D:2:      layout_basic, palyth_stone_intersect
D:3:      layout_basic, uniq_grinder, uniq_sigmund

Skill      XL: |  1  2 |
---------------+-------+-----
Maces & Flails | 2 |  2.3
Armour         | 4 |  4.2
Fighting       | 3 |  3.2
Shields        | |  3.8

Action                     || total
---------------------------++-------
  Melee: Flail             ||   130
         Tailslap          ||     9
 Armour: Scale mail        ||   109
  Dodge: Dodged            ||    55
  Block: Buckler           ||    29
